 Dungeon Crawl Stone Soup version 0.30.0-29-ga12c61a403 (webtiles) character file.

Game seed: 6902692864820131972

2537 ChadusMaximus the Blocker (level 9, -3/71 HPs)
             Began as a Formicid Fighter on June 18, 2023.
             Was a Believer of Okawaru.
             Slain by a human
             ... wielding a +1 heavy hand axe
              (6 damage)
             ... in a bailey.
             The game lasted 00:07:40 (6936 turns).

ChadusMaximus the Blocker (Formicid Fighter)        Turns: 6936, Time: 00:07:40

Health: -3/71      AC:  9    Str: 25    XL:     9   Next: 85%
Magic:  13/13      EV:  9    Int:  8    God:    Okawaru [**....]
Gold:   406        SH:  6    Dex: 13    Spells: 8/8 levels left

rFire   . . .        a - +0 war axe
rCold   . . .        c - +0 buckler
rNeg    . . .        b - +0 scale mail
rPois   .            (helmet unavailable)
rElec   .            (no cloak)
rCorr   .            (no gloves)
SInv    +            v - +0 pair of boots
Will    .....        (no amulet) Stlth
                     (no ring)
HPRegen 0.31/turn    (no ring)
MPRegen 0.13/turn

%: no passive effects
@: no status effects
A: permanent stasis, dig shafts and tunnels, antennae 3, four strong arms
a: Dig, Renounce Religion, Heroism


You were in a bailey.
You worshipped Okawaru.
Okawaru was pleased with you.
You visited 2 branches of the dungeon, and saw 8 of its levels.
You also visited: Ossuary and Bailey.

You collected 406 gold pieces.

Inventory:

Hand Weapons
 a - a +0 war axe (weapon)
Missiles
 z - 10 boomerangs (quivered)
Armour
 b - a +0 scale mail (worn)
 c - a +0 buckler (worn)
 v - a +0 pair of boots (worn)
Wands
 i - a wand of mindburst (11)
Scrolls
 h - 2 scrolls of vulnerability
 j - 3 scrolls of teleportation
 l - a scroll of fog
 m - a scroll of enchant weapon
 o - 2 scrolls of poison
 p - a scroll of noise
 q - 2 scrolls of fear
 w - a scroll of torment {unknown}
 x - a scroll of enchant armour {unknown}
Potions
 d - 5 potions of might
 e - 2 potions of cancellation {unknown}
 f - 2 potions of heal wounds
 g - 2 potions of attraction {unknown}
 k - 3 potions of curing {unknown}
 n - a potion of degeneration {unknown}
 r - 2 potions of mutation
 s - a potion of magic
 t - 2 potions of haste {unknown}
 u - a potion of flight {unknown}


   Skills:
 + Level 6.9 Fighting
 + Level 5.9 Axes
 * Level 2.7 Throwing
 + Level 6.9 Armour
 + Level 8.3 Shields
 - Level 5.8 Invocations


You had 8 spell levels left.
You didn't know any spells.
Your spell library was empty.

Dungeon Overview and Level Annotations

Branches:
Dungeon (7/15)             Temple (1/1) D:4         Ossuary (visited)
 Bailey (1/1)

Altars:
Ashenzari
Elyvilon
Fedhas
Gozag
Hepliaklqana
Kikubaaqudgha
Makhleb
Nemelex Xobeh
Okawaru
Qazlal
Ru
Sif Muna
Trog
Uskayaw
Vehumet
Xom
Zin

Shops:
D:1 :


Innate Abilities, Weirdness & Mutations

You cannot be hasted, slowed, berserked, paralysed or teleported.
You can dig through walls and to a lower floor.
You have a pair of large antennae on your head. (SInv)
Your four strong arms can wield two-handed weapons with a shield.


Message History

You block the bullfrog's attack. The bullfrog barely misses you.
Things that are here:
a bullfrog corpse; a bullfrog corpse You slash the human!
The human is heavily wounded.
You barely miss the bullfrog. The bullfrog barely misses you.
You hit the human but do no damage. You slash the bullfrog!
You kill the bullfrog!
Okawaru accepts your kill.
You closely miss the human.
You feel like a meek peon again.
The human hits you with a +1 heavy hand axe.
The human hits you with a +1 heavy hand axe!
You closely miss the human.
The human is heavily wounded.
You hit the human but do no damage.
The human hits you with a +1 heavy hand axe!
You block the human's attack.
You closely miss the human.
The human is heavily wounded.
You hit the human. The human hits you but does no damage.
The human hits you with a +1 heavy hand axe!
* * * LOW HITPOINT WARNING * * *
You hit the human.
The human is heavily wounded.
You closely miss the human.
The human hits you with a +1 heavy hand axe.
* * * LOW HITPOINT WARNING * * *
You slash the human!
The human is almost dead.
You slash the human!
The human hits you with a +1 heavy hand axe!
* * * LOW HITPOINT WARNING * * *
You hit the human.
You kill the human!
Okawaru accepts your kill.
You hit the human but do no damage.
The human hits you with a +1 heavy hand axe.
You die...

#.....#
#.∩.∩.#
#.....######
##..)##....##
#+#'#......##
#..).#....#
#)).####..#
#...#.....#
#...#.)@..#
##..###p###
+..#≈.F~ {
####≈..~≈ {
#≈.~≈##
≈~.~≈# {
~~~.~≈#
~~...~≈#


You could see a human and a bullfrog.

Vanquished Creatures
  2 humans (Bailey)
  Menkaure (D:6)
  An orc warrior (Bailey)
  A sky beast (D:7)
  A black bear (D:5)
  An ogre (D:5)
  2 centaurs
  A phantom (D:5)
  8 bullfrogs
  2 scorpions
  3 water moccasin zombies (Ossuary)
  2 howler monkeys
  A jelly (D:5)
  3 hounds
  2 gnoll boudas
  2 orc wizards (D:6)
  5 iguanas
  2 mummies (Ossuary)
  11 gnolls
  Robin (D:3)
  13 adders
  A shadow imp (D:5)
  A white imp (D:5)
  3 adder zombies (Ossuary)
  3 dart slugs
  16 orcs
  6 ball pythons
  2 bats (D:2)
  9 endoplasms
  2 giant cockroaches
  4 gnoll zombies (Ossuary)
  10 hobgoblins
  2 jackals (D:2)
  3 quokkas
  6 frilled lizards
  26 goblins
  3 hobgoblin zombies (Ossuary)
  7 kobolds
  6 kobold zombies (Ossuary)
  8 orc zombies (Ossuary)
  3 rats
186 creatures vanquished.

Notes
Turn   | Place    | Note
-------+----------+-------------------------------------------
     0 | D:1      | ChadusMaximus the Formicid Fighter began the quest for the
                  | Orb.
     0 | D:1      | Reached XP level 1. HP: 18/18 MP: 1/1
    71 | D:1      | Found a faded altar of an unknown god.
    87 | D:1      | Reached XP level 2. HP: 14/24 MP: 2/2
   307 | D:1      | Found Cieg's Book Emporium.
   445 | D:1      | Reached XP level 3. HP: 29/29 MP: 3/3
   705 | D:2      | Reached XP level 4. HP: 21/37 MP: 4/4
  1266 | D:3      | Reached XP level 5. HP: 36/42 MP: 5/5
  1270 | D:3      | Reached skill level 5 in Shields
  1374 | D:3      | Noticed Robin
  1380 | D:3      | Killed Robin
  1656 | D:3      | Found an opulent altar of Gozag.
  1700 | D:3      | Found a bloodstained altar of Trog.
  1800 | D:3      | Identified the +2 leather armour of Decompression {Int+2}
  2047 | D:4      | Reached XP level 6. HP: 41/49 MP: 6/6
  2074 | D:4      | Found a sand-covered staircase.
  2083 | Ossuary  | Entered an ossuary
  2327 | Ossuary  | Reached XP level 7. HP: 37/55 MP: 7/7
  2524 | Ossuary  | Reached skill level 6 in Shields
  2526 | Ossuary  | Reached skill level 5 in Fighting
  2758 | D:4      | Reached skill level 5 in Armour
  2864 | D:4      | Found a staircase to the Ecumenical Temple.
  2888 | Temple   | Entered the Ecumenical Temple
  2952 | Temple   | Became a worshipper of Warmaster Okawaru
  3838 | D:5      | Entered Level 5 of the Dungeon
  3850 | D:5      | Reached * piety under Okawaru
  3851 | D:5      | Reached skill level 1 in Invocations
  3892 | D:5      | Reached XP level 8. HP: 63/63 MP: 9/9
  4680 | D:5      | Reached skill level 7 in Shields
  4947 | D:5      | Reached ** piety under Okawaru
  5272 | D:6      | Reached skill level 5 in Axes
  5525 | D:6      | Noticed Menkaure
  5532 | D:6      | Killed Menkaure
  5651 | D:6      | Reached XP level 9. HP: 66/69 MP: 12/12
  5674 | D:6      | Found a radiant altar of Vehumet.
  5692 | D:6      | Reached skill level 5 in Invocations
  6524 | D:7      | Found a flagged portal.
  6580 | Bailey   | Entered a bailey
  6675 | Bailey   | HP: 3/71 [human/+0 war axe (10)]
  6677 | Bailey   | Reached skill level 1 in Throwing
  6677 | Bailey   | Reached skill level 8 in Shields
  6935 | Bailey   | HP: 2/71 [human/+1 heavy hand axe (11)]
  6936 | Bailey   | Slain by a human

Illustrated notes

Levels and vault maps discovered:
D:1:      saegor_arrival_simple_d, layout_rooms, basic_ecumenical_altar,
          serial_shops, shop_coins
D:2:      layout_rooms, serial_rivers, chequers_serial_rivers_room_a,
          chequers_serial_rivers_small_3, chequers_serial_rivers_micro_c,
          chequers_serial_rivers_room_a, chequers_serial_rivers_large_a
D:3:      layout_loops_ring, mainiacjoe_overflow_boulevard,
          mainiacjoe_overflow_six_doors_small, serial_bayou_pond_b, uniq_robin
D:4:      layout_basic, minmay_temple_entry_overgrown, enter_ossuary_1
D:5:      layout_basic, minmay_ogre_servants
D:6:      layout_gridville, mainiacjoe_overflow_24_doors, uniq_menkaure
D:7:      layout_loops_ring, overflow_temple_1_default, enter_bailey_5
Temple:   eino_temple_water
Bailey:   bailey_axe_froggy_fort_hellmonk, bailey

Skill      XL: |  1  2  3  4  5  6  7  8  9 |
---------------+----------------------------+-----
Fighting       | 4 5 6 |  6.9
Armour         | 4 5 6 |  6.9
Shields        | 5 6 7 8 |  8.3
Axes           | 3 4 5 |  5.9
Invocations    | 2 4 5 |  5.8
Throwing       | 2 |  2.7

Action                     |  1- 3 |  4- 6 |  7- 9 || total
---------------------------+-------+-------+-------++-------
  Melee: War axe           |    66 |   218 |   348 ||   632
  Throw: Boomerang         |       |       |     1 ||     1
 Invoke: Heroism           |       |       |     3 ||     3
    Use: Scroll            |       |     4 |     6 ||    10
 Armour: Scale mail        |    31 |    75 |   145 ||   251
  Dodge: Dodged            |    27 |    80 |   167 ||   274
  Block: Buckler           |    16 |    53 |   115 ||   184
